 Dungeon Crawl Stone Soup version 0.29.1-15-g9cfb28693d (webtiles) character file.

Game seed: 14297288183853088433

10 monsoonserge the Sneak (level 2, -4/28 HPs)
             Began as a Naga Delver on Apr 28, 2023.
             Slain by Sigmund
             ... wielding a +0 scythe
              (10 damage)
             ... on level 3 of the Dungeon.
             The game lasted 00:02:50 (334 turns).

monsoonserge the Sneak (Naga Delver)                 Turns: 334, Time: 00:02:51

Health: -4/28      AC:  2    Str: 14    XL:     2   Next: 20%
Magic:  2/2        EV:  9    Int: 10    God:
Gold:   16         SH:  0    Dex: 12    Spells: 1/1 levels left

rFire   . . .      SeeInvis +   k - +0 arbalest
rCold   . . .      Faith    .   (shield currently unavailable)
rNeg    . . .      Spirit   .   b - +0 leather armour
rPois   +          Reflect  .   (no helmet)
rElec   .          Harm     .   (no cloak)
rCorr   .          Rampage  .   (no gloves)
Will    .....                   (no barding)
Stlth   +++.......              (no amulet)
HPRegen 0.09/turn               (no ring)
MPRegen 0.08/turn               (no ring)

@: very slow
A: AC +0, large, see invisible, deformed body, poison resistance, slowness 2,
spit poison 1, naga tail 1
a: Spit Poison


You were on level 3 of the Dungeon.
You visited 1 branch of the dungeon, and saw 3 of its levels.

You collected 16 gold pieces.

Inventory:

Hand Weapons
 a - a +0 short sword
 k - a +0 arbalest (weapon)
Armour
 b - a +0 leather armour (worn)
Wands
 g - a wand of digging (3)
Scrolls
 c - a scroll of fog
 d - a scroll of blinking {unknown}
 e - a scroll of fear
 i - a scroll of amnesia {unknown}
 l - a scroll of acquirement {unknown}
Potions
 f - a potion of haste
 h - a potion of heal wounds {unknown}
 j - a potion of experience {unknown}


   Skills:
 + Level 3.0 Fighting
 + Level 2.0 Short Blades
 * Level 0.4 Ranged Weapons
 + Level 1.6 Dodging
 + Level 7.7 Stealth


You had one spell level left.
You didn't know any spells.
Your spell library contained the following spells:

 Spells                   Type           Power      Damage    Failure   Level
 Ozocubu's Armour         Ice            0%         N/A       82%         3
 Metabolic Englaciation   Hex/Ice        0%         N/A       100%        5
 Simulacrum               Ice/Necr       0%         N/A       100%        6


Dungeon Overview and Level Annotations

Branches:
Dungeon (5/15)
 Temple: D:4-7

Altars:

Annotations:
D:3 Sigmund


Innate Abilities, Weirdness & Mutations

Your serpentine skin is tough. (AC +0)
You have supernaturally acute eyesight. (SInv)
Armour fits poorly on your strangely shaped body.
Your system is resistant to poisons. (rPois)
You cover ground very slowly.
You can spit poison.
You have a snake-like lower body.


Message History

You have got your breath back.
Sigmund completely misses you.
Fire: k) +0 arbalest
Press: ? - help, Q - select action, (/) - cycle Shift-Dir - straight line, f/p - worm
Aim: a worm (moderately wounded, 73% to hit)
Okay, then.
Aiming: Spit Poison (2% risk of failure)
Press: ? - help, Shift-Dir - straight line, f/p - worm
Aim: a worm (moderately wounded, 86% to hit)
The splash of poison hits Sigmund!
Sigmund is severely wounded.
Sigmund barely misses you.
Unknown command.
You can't do that yet.
Fire: k) +0 arbalest
Press: ? - help, Q - select action, (/) - cycle Shift-Dir - straight line, f/p - worm
Aim: a worm (moderately wounded, 73% to hit)
Okay, then.
Fire: k) +0 arbalest
Press: ? - help, Q - select action, (/) - cycle Shift-Dir - straight line, f/p - worm
Aim: a worm (moderately wounded, 73% to hit)
You shoot a bolt. The bolt closely misses Sigmund.
The bolt hits the worm.
The worm is heavily wounded.
Sigmund looks more healthy.
Sigmund hits you with a +0 scythe!
Fire: k) +0 arbalest
Press: ? - help, Q - select action, (/) - cycle Shift-Dir - straight line, f/p - worm
Aim: a worm (heavily wounded, 73% to hit)
You shoot a bolt. The bolt barely misses Sigmund.
The bolt hits the worm!
You kill the worm!
You have got your breath back.
Sigmund points at you and mumbles some strange words.
The puff of flame hits you.
* * * LOW HITPOINT WARNING * * *
Sigmund completely misses you.
Fire: k) +0 arbalest
Press: ? - help, Q - select action, (/) - cycle Shift-Dir - straight line, f - Sigmund
Aim: Sigmund, wielding a +0 scythe and wearing a +2 robe of resistance (almost dead, 45% to hit)
You shoot a bolt. The bolt barely misses Sigmund.
Sigmund hits you with a +0 scythe!
You die...

##.....#....
##.........##
#....####..#
#..#.# #..#
#.##..# #.#
#.###.# .#
#.# .. #.#
#.# #@# ..
#@# ... #>.
#.## #.# #.#
#.# ..#


You could see Sigmund.

Vanquished Creatures
  2 worms
  A ball python (D:3)
  A hobgoblin (D:3)
  A frilled lizard (D:3)
5 creatures vanquished.

Notes
Turn   | Place    | Note
-------+----------+-------------------------------------------
     0 | D:5      | monsoonserge the Naga Delver began the quest for the Orb.
     0 | D:5      | Reached XP level 1. HP: 21/21 MP: 1/1
   299 | D:3      | Reached XP level 2. HP: 26/28 MP: 2/2
   326 | D:3      | Noticed Sigmund
   334 | D:3      | Slain by Sigmund

Illustrated notes

Levels and vault maps discovered:
D:3:      minmay_razor_zed, layout_rooms, nicolae_tso_carved_into_rock,
          kiku_gazebo_garden_becter, gup_sewer_entry_bowl,
          kennysheep_jessica_study, uniq_sigmund
D:4:      layout_loops_ring, grunt_decor_one_mirror,
          nicolae_kite_square_tiling_tiny
D:5:      nicolae_cairo_tiling, layout_layer_cave, hangedman_glass_garden,
          uniq_eustachio, uniq_crazy_yiuf_cottage

Action                   || total
-------------------------++-------
Melee: Short sword       ||     8
 Fire: Arbalest          ||    10
 Abil: Spit Poison       ||     5
  Use: Scroll            ||     1
 Stab: Sleeping          ||     1
Dodge: Dodged            ||     6
